 Dungeon Crawl Stone Soup version 0.31.0-11-ge490571c62 (webtiles) character file.

Game seed: 13108203913913171750

8 browni3141 the Conjurer (level 2, 19/19 HPs)
             Began as a Demonspawn Conjurer on Jan 30, 2024.
             Got out of the dungeon alive.
             The game lasted 00:00:15 (408 turns).

browni3141 the Conjurer (Demonspawn Conjurer)        Turns: 408, Time: 00:00:16

Health: 19/19      AC:  2    Str:  7    XL:     2   Next: 0%
Magic:  5/5        EV: 12    Int: 18    God:
Gold:   66         SH:  0    Dex: 11    Spells: 4/5 levels left

rFire   . . .        (no weapon)
rCold   . . .        (no shield)
rNeg    . . .        a - +0 robe
rPois   .            (no helmet)
rElec   .            (no cloak)
rCorr   .            (no gloves)
SInv    .            (no boots)
Will    .....        (no amulet)
Stlth   ++           (no ring)
HPRegen 0.23/turn    (no ring)
MPRegen 0.09/turn

%: no passive effects
@: no status effects
A: spiny 1
a: no special abilities


You escaped.
You visited 1 branch of the dungeon, and saw 1 of its levels.

You collected 66 gold pieces.

Inventory:

Armour
 a - a +0 robe (worn)
Scrolls
 c - a scroll of teleportation {unknown}
Potions
 b - a potion of magic


   Skills:
 + Level 1.9 Dodging
 + Level 2.0 Stealth
 + Level 2.1 Spellcasting
 + Level 4.1 Conjurations


You had 4 spell levels left.
You knew the following spells:

 Your Spells              Type           Power      Damage    Failure   Level
a - Magic Dart            Conj           64%        1d6       3%          1

Your spell library contained the following spells:

 Spells                   Type           Power      Damage    Failure   Level
 Searing Ray              Conj           32%        2d5       4%          2
 Necrotise                Necr           4%         1d4       19%         1
 Vampiric Draining        Necr           1%         2d6       47%         3
 Fulminant Prism          Conj/Alch      4%         3d5       58%         4
 Iskenderun's Mystic Bla  Conj/Tloc      9%         2d4       58%         4
 Martyr's Knell           Necr/Summ      1%         N/A       87%         4
 Curse of Agony           Necr           1%         N/A       99%         5


Dungeon Overview and Level Annotations

Branches:
Dungeon (1/15)

Altars:


Innate Abilities, Weirdness & Mutations

You are partially covered in sharp spines.


Message History

You now have 10 gold pieces.
You now have 21 gold pieces (gained 11).
You open the large door.
There is a large open door here.
A giant cockroach comes into view.
A giant cockroach is nearby!
A giant cockroach is nearby!
The magic dart hits the giant cockroach.
The giant cockroach is severely wounded.
The magic dart hits the giant cockroach.
The giant cockroach is almost dead.
The magic dart hits the giant cockroach.
You kill the giant cockroach!
Magic restored.
A rat comes into view.
Found a stone staircase leading down.
The rat squeaks loudly.
You hear an angry hiss.
You see here 6 gold pieces.
A rat is nearby!
A rat is nearby!
You miscast Magic Dart.
You are very lightly contaminated with residual magic.
Nothing appears to happen.
A frilled lizard comes into view.
The magic dart hits the rat.
You kill the rat!
You now have 27 gold pieces (gained 6).
The magic dart hits the frilled lizard.
You kill the frilled lizard!
You start resting.
Your magical contamination has completely faded away.
Magic restored.
You see here a frilled lizard corpse.
A rat comes into view.
A rat is nearby!
The magic dart hits the rat.
The rat is severely wounded.
The rat squeaks loudly.
The magic dart hits the rat.
You kill the rat!
A giant cockroach comes into view.
The magic dart hits the giant cockroach.
The giant cockroach is severely wounded.
You are out of magic!
A giant cockroach is nearby!
A giant cockroach is nearby!
A giant cockroach is nearby!
You are out of magic!
You are out of magic!
You are out of magic!
You are out of magic!
A giant cockroach is nearby!
You closely miss the giant cockroach.
The giant cockroach is severely wounded.
The giant cockroach bites you.
You hit the giant cockroach but do no damage.
The giant cockroach is severely wounded.
The giant cockroach barely misses you.
You hit the giant cockroach.
You kill the giant cockroach!
HP restored.
You now have 40 gold pieces (gained 13).
You now have 50 gold pieces (gained 10).
You now have 66 gold pieces (gained 16).
You open the door.
A frilled lizard and a ball python come into view.
There are monsters nearby!
There are monsters nearby!
There are monsters nearby!
The magic dart hits the ball python.
The ball python is moderately wounded.
The ball python hisses angrily.
The frilled lizard hisses angrily.
The magic dart hits the ball python.
You kill the ball python!
The magic dart hits the frilled lizard.
You kill the frilled lizard!
There is an open door here.
c - a scroll labelled POARCH BUDDEU
Found a stone staircase leading down.
A bat comes into view.
The magic dart hits the bat.
The bat is moderately wounded.
The magic dart hits the bat.
You kill the bat!
Your Stealth skill increases to level 2!
You can't see any susceptible monsters within range! (Use Z to cast anyway.)
You see here a bat corpse.
A bat comes into view.
A bat is nearby!
The magic dart hits the bat.
The bat is severely wounded.
The magic dart hits the bat.
You kill the bat!
You have reached level 2!
Your demonic ancestry asserts itself...
Sharp spines emerge from parts of your body.
There is an open door here.
There is a large open door here.
There is a staircase leading out of the dungeon here.
You have escaped!

#.######.............#.####
##.# #.............#.....
###..# #####.........######
#...############.##########
#...#8≈§§≈≈≈≈8##.#........#
#.#.#..§§§....##.#........#
#.#.#.....§...##.'........#
#.#.'....8....####....†...#
# #.#.'....8...@#
#........# #
#.#.#.........# #........#
# ..#.#.........#
#........# #
....#8≈≈≈≈≈≈≈8# #........#
## ...###########
#........# #. .####
########.########. ..
#.................
.............>.###
#.......######## #


There were no monsters in sight!

Vanquished Creatures
  2 bats (D:1)
  2 giant cockroaches (D:1)
  A ball python (D:1)
  2 frilled lizards (D:1)
  2 rats (D:1)
9 creatures vanquished.

Notes
Turn   | Place    | Note
-------+----------+-------------------------------------------
     0 | D:1      | browni3141 the Demonspawn Conjurer began the quest for the
                  | Orb.
     0 | D:1      | Reached XP level 1. HP: 13/13 MP: 3/3
   352 | D:1      | Gained mutation: You are partially covered in sharp spines.
                  | [demonic ancestry]
   352 | D:1      | Reached XP level 2. HP: 19/19 MP: 1/5
   408 | D:$      | Got out of the dungeon alive.

Illustrated notes

Levels and vault maps discovered:
D:1:      lightli_arrival_noodles, layout_basic

Skill      XL: |  1 |
---------------+----+-----
Stealth        | 2 |  2.0
Dodging        | |  1.9
Spellcasting   | |  2.1
Conjurations   | |  4.1

Action                     || total
---------------------------++-------
  Melee: Unarmed           ||     3
   Cast: Magic Dart        ||    15
 Armour: Robe              ||     1
  Dodge: Dodged            ||     1
